 Dungeon Crawl Stone Soup version 0.31-a0-523-g071a6c1ffa (webtiles) character file.

Game seed: 9037628774171242072

91 Crownlay the Stinger (level 4, -2/27 HPs)
             Began as an Octopode Venom Mage on Aug 11, 2023.
             Slain by an orc wizard
             ... wielding a +0 dagger
              (4 damage)
             ... on level 2 of the Dungeon.
             The game lasted 00:05:28 (2462 turns).

Crownlay the Stinger (Octopode Venom Mage)          Turns: 2462, Time: 00:05:29

Health: -2/27      AC:  1    Str:  7    XL:     4   Next: 57%
Magic:  3/7        EV: 13    Int: 19    God:
Gold:   88         SH:  0    Dex: 12    Spells: 3/7 levels left

rFire   . . .        j - +0 dagger (venom)
rCold   . . .        (no shield)
rNeg    . . .        (helmet restricted)
rPois   .            e - amulet of the acrobat
rElec   .            (no ring)
rCorr   .            (no ring)
SInv    .            (no ring)
Will    .....        (no ring)
Stlth   ++           (no ring)
HPRegen 0.24/turn    (no ring)
MPRegen 0.10/turn    (no ring)
                     (no ring)

%: acrobat
@: confused
A: almost no armour, amphibious, 8 rings, camouflage 1, gelatinous body 1,
(nimble swimmer 1), tentacles
a: no special abilities


You were on level 2 of the Dungeon.
You visited 1 branch of the dungeon, and saw 3 of its levels.

You collected 88 gold pieces.

Inventory:

Hand Weapons
 j - a +0 dagger of venom (weapon)
Jewellery
 e - an amulet of the acrobat (around mantle)
Scrolls
 b - 2 scrolls of blinking {unknown}
 g - a scroll of identify
 h - a scroll of fog
 i - 2 scrolls of amnesia {unknown}
Potions
 a - a potion of magic
 c - a potion of curing
 d - a potion of degeneration {unknown}
 f - a potion of cancellation {unknown}


   Skills:
 - Level 2.0 Dodging
 - Level 2.6 Stealth
 - Level 2.0 Spellcasting
 + Level 1.2 Conjurations
 + Level 2.8 Transmutations
 + Level 4.9 Poison Magic


You had 3 spell levels left.
You knew the following spells:

 Your Spells              Type           Power      Damage    Failure   Level
a - Sting                 Tmut/Pois      64%        1d6       3%          1
b - Mephitic Cloud        Conj/Pois/Air  9%         N/A       22%         3

Your spell library contained the following spells:

 Spells                   Type           Power      Damage    Failure   Level
 Poisonous Vapours        Pois/Air       22%        N/A       10%         2
 Shock                    Conj/Air       16%        1d4       13%         1
 Necrotise                Necr           4%         1d4       17%         1
 Swiftness                Air            1%         N/A       45%         3
 Vampiric Draining        Necr           1%         2d6       45%         3
 Olgreb's Toxic Radiance  Pois           20%        N/A       22%         4
 Airstrike                Air            0%         2d(1-17)  86%         4
 Agony                    Necr           1%         N/A       99%         5


Dungeon Overview and Level Annotations

Branches:
Dungeon (3/15)

Altars:


Innate Abilities, Weirdness & Mutations

You cannot wear most types of armour.
You are amphibious.
You can wear up to eight rings at the same time.
Your skin changes colour to match your surroundings (Stealth+).
Your rubbery body absorbs attacks. (AC +1, EV +1)
((You are camouflaged when in or above water. (Stealth+)))
You have tentacles for arms and can constrict up to eight enemies at once.


Message History

The sting hits the adder.
The adder is poisoned.
The adder is moderately wounded.
The adder misses you.
You hear some strange, mumbled words.
Deactivating autopickup; reactivate with Ctrl-A.
You are confused.
The adder closely misses you. The adder attacks as you move away!
The adder barely misses you. Something closely misses you.
You're too confused to cast spells.
Sorry, you're not good enough to have a special ability.
Unknown command.
You completely miss something. Your squeeze misses something.
The adder closely misses you. Something hits you.
You're too confused to move!
The adder closely misses you.
You hear some strange, mumbled words.
A magic dart appears from out of thin air!
The magic dart hits you!
* * * LOW HITPOINT WARNING * * *
The adder barely misses you.
Your magical contamination has completely faded away.
You feel better.
You hear some strange, mumbled words.
You are confused.
The adder barely misses you.
You're too confused to cast spells.
Sorry, you're not good enough to have a special ability.
You closely miss the adder.
The adder is severely wounded.
The adder barely misses you. Something hits you.
* * * LOW HITPOINT WARNING * * *
You kill the adder!
You're too confused to cast spells.
Sorry, you're not good enough to have a special ability.
You miss something. Something hits you.
* * * LOW HITPOINT WARNING * * *
You closely miss something. Something hits you but does no damage.
Something barely misses you.
You closely miss something. Your squeeze misses something. Something hits you.
You die...

#####........##.......######.##
#.........#..####.#.### ##.#.##
#.###.##..#..# ##'#.# ##.###.##
#.###.##..#..###....# #.## ##.#
#.........#.........##
##.###.##
#.###....###.#.......## ##.#.##
#........###..........####...##
†................>....'.......#
#.###...........@.....####...##
#.......######.......## ##.####
#######.# ##.....## #.#...# #.#
##...## ##.##.# #.# ##+##
####.# #.# #.# #.# #.# #.# #.#
#.#########.##### #.#
#...............# #.#


There were no monsters in sight!

Vanquished Creatures
  3 adders
  A worm (D:2)
  3 dart slugs (D:1)
  7 orcs (D:3)
  5 ball pythons
  5 endoplasms
  4 goblins
  5 hobgoblins
  4 kobolds (D:1)
  A quokka (D:3)
  A bat (D:1)
  2 frilled lizards
  4 rats (D:2)
45 creatures vanquished.

Notes
Turn   | Place    | Note
-------+----------+-------------------------------------------
     0 | D:1      | Crownlay the Octopode Venom Mage began the quest for the
                  | Orb.
     0 | D:1      | Reached XP level 1. HP: 11/11 MP: 3/3
   172 | D:1      | Reached skill level 4 in Poison Magic
   172 | D:1      | Reached XP level 2. HP: 9/17 MP: 1/5
   824 | D:1      | Reached XP level 3. HP: 21/21 MP: 6/6
  1254 | D:2      | You fall into a shaft and drop 1 floor!
  1259 | D:3      | Learned a level 3 spell: Mephitic Cloud
  1969 | D:2      | Found a faded altar of an unknown god.
  1969 | D:2      | Noticed a ynoxinul
  2266 | D:3      | Reached XP level 4. HP: 27/27 MP: 4/7
  2358 | D:3      | Reached skill level 1 in Conjurations
  2455 | D:2      | HP: 1/27 [something/magic dart (8)]
  2462 | D:2      | Slain by an orc wizard

Illustrated notes

Levels and vault maps discovered:
D:1:      lightli_arrival_lavapool, layout_basic, st_stairs_3,
          kennysheep_flooded_box, minmay_misc_feat_secret_circle
D:2:      layout_loops_corners, dreamdust_ecumenical_altar_sealed_demon,
          corexii_hall_statues_s, minmay_tetromino_o2
D:3:      layout_rooms

Skill      XL: |  1  2  3  4 |
---------------+-------------+-----
Poison Magic   | 4 |  4.9
Transmutations | 2 |  2.8
Conjurations   | 1 |  1.2
Dodging        | |  2.0
Stealth        | |  2.6
Spellcasting   | |  2.0

Action                     |  1- 3 |  4- 6 || total
---------------------------+-------+-------++-------
  Melee: Short sword       |    20 |       ||    20
         Unarmed           |     4 |       ||     4
         Tentacles         |     5 |     1 ||     6
         Constrict         |     5 |     5 ||    10
         Dagger            |     2 |    12 ||    14
   Cast: Sting             |    56 |    13 ||    69
    Use: Scroll            |     2 |       ||     2
         Potion            |       |     1 ||     1
   Stab: Sleeping          |     1 |       ||     1
 Armour: Skin              |     3 |     1 ||     4
  Dodge: Dodged            |    24 |    21 ||    45

Table legend: (Time is in decaauts)
 A = Elapsed time spent in this place.
 B = Non-inter-level travel time spent in this place.
 C = Inter-level travel time spent in this place.
 D = Time resting spent in this place.
 E = Time spent auto-exploring this place.
 F = Levels seen in this place.
 G = Mean time per level.
                   A        B        C        D        E       F      G
               +--------+--------+--------+--------+--------+-----+--------+
         Total |   2461 |   2406 |     55 |     35 |   1999 |   3 |  820.3 |
       Dungeon |   2461 |   2406 |     55 |     35 |   1999 |   3 |  820.3 |
               +--------+--------+--------+--------+--------+-----+--------+

Top non-repeatable levels by time:
     D:2: 1094 daAuts
     D:1: 1055 daAuts
     D:3: 311 daAuts
